BR
PLYMOUTH COCKS @ FORT COLLINS COMMONERS
07/15/2027
 
TOP OF THE 1ST
Plymouth Cocks batting - Pitching for Fort Collins Commoners : RHP Armando Martínez
Pitching: RHP Armando Martínez
Batting: LHB Greg Sharpe 0-0: Called Strike
0-1: Ball
1-1: Fly out, F7 (Flyball, 7)
Batting: RHB John Gauthier 0-0: Swinging Strike
0-1: Foul Ball, location: 2F
0-2: Ball
1-2: Ball
2-2: Strikes out looking
Batting: RHB Chase Wilkerson 0-0: Swinging Strike
0-1: Ball
1-1: Foul Ball, location: 2F
1-2: Strikes out swinging
Top of the 1st over - 0 run(s), 0 hit(s), 0 error(s), 0 left on base; Plymouth 0 - Fort Collins 0
BOTTOM OF THE 1ST
Fort Collins Commoners batting - Pitching for Plymouth Cocks : RHP Dan Ramsey
Pitching: RHP Dan Ramsey
Batting: RHB Tomás Rivera 0-0: Ball
1-0: SINGLE (Flyball, 7LS)
Batting: LHB Lorenzo Vargas 0-0: Ball
1-0: Fly out, F7 (Flyball, 7)
Batting: RHB Francisco Fernández 0-0: Called Strike
0-1: Ball
1-1: Ball
2-1: Ball
3-1: Fielders Choice at 2nd, 5-4 (Groundball, 5)
Batting: LHB Earl Wigfall 0-0: Ball
1-0: Ball
2-0: Called Strike
2-1: Foul Ball, location: 2F
Pickoff Throw to First - Error! E1
Francisco Fernández to second
2-2: Ball
3-2: Base on Balls
Batting: RHB Monty Crawford 0-0: Ball
1-0: Called Strike
1-1: SINGLE (Groundball, 56D)
Francisco Fernández to third
Earl Wigfall to second
Runner from 3rd tries for Home, SAFE, throw made at trailing runner, SAFE at third!
Batting: LHB António Chávez 0-0: Called Strike
0-1: Ball
1-1: Fielders Choice at 2nd, 4-6 (Groundball, 4)
Bottom of the 1st over - 1 run(s), 2 hit(s), 1 error(s), 1 left on base; Plymouth 0 - Fort Collins 1
TOP OF THE 2ND
Plymouth Cocks batting - Pitching for Fort Collins Commoners : RHP Armando Martínez
Batting: LHB Lúcio Gómez 0-0: Ball
1-0: Foul Ball, location: 2F
1-1: Ball
2-1: SINGLE (Line Drive, 89M)
Batting: RHB Sam Elder 0-0: Called Strike
0-1: SINGLE (Groundball, 4D)
Lúcio Gómez to second
Runner from 2nd tries for 3rd, SAFE, throw made to third
Batting: LHB T.J. Richardson 0-0: Called Strike
0-1: Foul Ball, location: 2F
0-2: Ball
1-2: Foul Ball, location: 2F
1-2: Ball
2-2: Ball
3-2: Base on Balls
Sam Elder to second
Batting: RHB Jason Cook 0-0: Grounds into double play, 4-6-3 (Groundball, 4)
Lúcio Gómez scores
Sam Elder to third
Batting: LHB Joe Vásquez 0-0: Called Strike
0-1: Swinging Strike
0-2: Ball
1-2: Strikes out swinging
Top of the 2nd over - 1 run(s), 2 hit(s), 0 error(s), 1 left on base; Plymouth 1 - Fort Collins 1
BOTTOM OF THE 2ND
Fort Collins Commoners batting - Pitching for Plymouth Cocks : RHP Dan Ramsey
Batting: RHB Xie-li Fong 0-0: Ball
1-0: Called Strike
1-1: Ball
2-1: Foul Ball, location: 2F
2-2: Fly out, F9 (Flyball, 9S)
Batting: RHB Gary Roberts 0-0: Called Strike
0-1: Ball
1-1: Swinging Strike
1-2: Strikes out looking
Batting: RHB Eric Black 0-0: Fly out, F7 (Line Drive, 7LM)
Bottom of the 2nd over - 0 run(s), 0 hit(s), 0 error(s), 0 left on base; Plymouth 1 - Fort Collins 1
TOP OF THE 3RD
Plymouth Cocks batting - Pitching for Fort Collins Commoners : RHP Armando Martínez
Batting: LHB Barry Pierce 0-0: Called Strike
0-1: Foul Ball, location: 2F
0-2: Ball
1-2: Ball
2-2: Strikes out swinging
Batting: LHB Greg Sharpe 0-0: Called Strike
0-1: Foul Ball, location: 2F
0-2: Ball
1-2: Fly out, F9 (Flyball, 9LM)
Batting: RHB John Gauthier 0-0: Called Strike
0-1: Called Strike
0-2: Ball
1-2: Ball
2-2: Ground out 5-3 (Groundball, 56S)
Top of the 3rd over - 0 run(s), 0 hit(s), 0 error(s), 0 left on base; Plymouth 1 - Fort Collins 1
BOTTOM OF THE 3RD
Fort Collins Commoners batting - Pitching for Plymouth Cocks : RHP Dan Ramsey
Batting: RHB Tomás Rivera 0-0: Ball
1-0: Ground out 5-3 (Groundball, 56)
Batting: LHB Lorenzo Vargas 0-0: Called Strike
0-1: SINGLE (Groundball, 4MD)
Batting: RHB Francisco Fernández 0-0: Called Strike
0-1: SINGLE (Groundball, 56D)
Lorenzo Vargas to second
Batting: LHB Earl Wigfall 0-0: Ball
1-0: Foul Ball, location: 2F
1-1: Foul Ball, location: 2F
1-2: Fly out, F8 (Flyball, 8LM)
Batting: RHB Monty Crawford 0-0: Called Strike
0-1: Ball
1-1: Fly out, F7 (Line Drive, 78M)
Bottom of the 3rd over - 0 run(s), 2 hit(s), 0 error(s), 2 left on base; Plymouth 1 - Fort Collins 1
TOP OF THE 4TH
Plymouth Cocks batting - Pitching for Fort Collins Commoners : RHP Armando Martínez
Batting: RHB Chase Wilkerson 0-0: SINGLE (Groundball, 6MD)
Batting: LHB Lúcio Gómez 0-0: Swinging Strike
0-1: Ball
1-1: Foul Ball, location: 2F
1-2: Fielders Choice at 2nd, 4-6 (Groundball, 4)
Batting: RHB Sam Elder 0-0: Called Strike
0-1: Ball
Wild Pitch!
Lúcio Gómez to second
1-1: Ball
2-1: Foul Ball, location: 2F
2-2: Foul Ball, location: 2F
2-2: Foul Ball, location: 2F
2-2: Ball
3-2: Foul Ball, location: 2F
3-2: Base on Balls
Batting: LHB T.J. Richardson 0-0: Ball
1-0: Ball
2-0: Called Strike
2-1: Fly out, F6 (Line Drive, 6)
Batting: RHB Jason Cook 0-0: Called Strike
0-1: Foul Ball, location: 2F
0-2: Foul Ball, location: 2F
0-2: Ball
1-2: Foul Ball, location: 2F
1-2: Fielders Choice at 2nd, 5-4 (Groundball, 5)
Top of the 4th over - 0 run(s), 1 hit(s), 0 error(s), 1 left on base; Plymouth 1 - Fort Collins 1
BOTTOM OF THE 4TH
Fort Collins Commoners batting - Pitching for Plymouth Cocks : RHP Dan Ramsey
Batting: LHB António Chávez 0-0: Ball
1-0: Ball
2-0: Ball
3-0: Called Strike
3-1: Fly out, F7 (Flyball, 7S)
Batting: RHB Xie-li Fong 0-0: Ball
1-0: SINGLE (Flyball, 4D)
Batting: RHB Gary Roberts 0-0: Ball
1-0: Called Strike
1-1: Swinging Strike
1-2: Ball
2-2: SINGLE (Flyball, 9LM)
Xie-li Fong to second
Throwing error, E9
Xie-li Fong scores
Gary Roberts to second
Batting: RHB Eric Black 0-0: Ball
1-0: Ball
2-0: Swinging Strike
2-1: Ball
3-1: SINGLE (Line Drive, 34D)
Gary Roberts to third
Batting: RHB Tomás Rivera 0-0: Foul Ball, location: 2F
0-1: Ball
1-1: Foul Ball, location: 2F
1-2: Foul Ball, location: 2F
1-2: Fly out, F8 (Flyball, 8LM)
Runner from 3rd tags up, SCORES, no throw
Batting: LHB Lorenzo Vargas 0-0: Foul Ball, location: 2F
0-1: Called Strike
0-2: Ball
1-2: Ball
2-2: Ball
3-2: Foul Ball, location: 2F
3-2: SINGLE (Flyball, 8LS)
Eric Black to second
Eric Black to third
Batting: RHB Francisco Fernández 0-0: Ball
1-0: Foul Ball, location: 2F
1-1: Ball
2-1: Fly out, F1 (Line Drive, 13)
Bottom of the 4th over - 2 run(s), 4 hit(s), 1 error(s), 2 left on base; Plymouth 1 - Fort Collins 3
TOP OF THE 5TH
Plymouth Cocks batting - Pitching for Fort Collins Commoners : RHP Armando Martínez
Batting: LHB Joe Vásquez 0-0: Ball
1-0: Called Strike
1-1: Ball
2-1: Ball
3-1: Base on Balls
Batting: LHB Barry Pierce 0-0: Swinging Strike
0-1: SINGLE (Line Drive, 4)
Joe Vásquez to second
Runner from 2nd tries for 3rd, SAFE, throw made to third
Batting: LHB Greg Sharpe 0-0: Ball
1-0: Foul Ball, location: 2F
1-1: Called Strike
1-2: Ball
2-2: Foul Ball, location: 2F
2-2: Ball
3-2: Base on Balls
Barry Pierce to second
Pitching: RHP Hugh Rankin
Batting: RHB John Gauthier 0-0: Swinging Strike
0-1: Foul Ball, location: 2F
0-2: Ball
1-2: Foul Ball, location: 2F
1-2: Ball
2-2: SINGLE (Line Drive, 89S)
Joe Vásquez scores
Barry Pierce to third
Greg Sharpe to second
Runner from 3rd tries for Home, SAFE, no throw
Batting: RHB Chase Wilkerson 0-0: Ball
1-0: Called Strike
1-1: Ball
2-1: Ball
3-1: Called Strike
3-2: Foul Ball, location: 2F
3-2: Base on Balls
Greg Sharpe to third
John Gauthier to second
Batting: LHB Lúcio Gómez 0-0: SINGLE (Groundball, 34D)
Greg Sharpe scores
John Gauthier to third
Chase Wilkerson to second
Runner from 3rd tries for Home, SAFE, no throw
Batting: RHB Sam Elder 0-0: Called Strike
0-1: Ball
1-1: Swinging Strike
1-2: Ball
2-2: Ball
3-2: Strikes out looking
Batting: LHB T.J. Richardson 0-0: Foul Ball, location: 2F
0-1: Grounds into double play, 1-4-3 (Groundball, 15)
Top of the 5th over - 4 run(s), 3 hit(s), 0 error(s), 1 left on base; Plymouth 5 - Fort Collins 3
BOTTOM OF THE 5TH
Fort Collins Commoners batting - Pitching for Plymouth Cocks : RHP Dan Ramsey
Batting: LHB Earl Wigfall 0-0: Ball
1-0: Reached on error, E5 (Groundball, 56S)
Batting: RHB Monty Crawford 0-0: Ball
1-0: Ball
2-0: Ball
3-0: Called Strike
3-1: Ground out 6-3 (Groundball, 6)
Pitching: RHP Héctor Cardenas
Batting: LHB António Chávez 0-0: Ball
1-0: Called Strike
1-1: Ball
2-1: Fly out, F6 (Line Drive, 6)
Batting: RHB Xie-li Fong 0-0: Ball
1-0: Ball
2-0: Foul Ball, location: 2F
2-1: Foul Ball, location: 2F
2-2: Ball
3-2: Base on Balls
Batting: RHB Gary Roberts 0-0: Ball
Wild Pitch!
Earl Wigfall to third
Xie-li Fong to second
1-0: Ball
2-0: Ball
3-0: Called Strike
3-1: Ground out 2-3 (Groundball, 2R)
Bottom of the 5th over - 0 run(s), 0 hit(s), 1 error(s), 2 left on base; Plymouth 5 - Fort Collins 3
TOP OF THE 6TH
Plymouth Cocks batting - Pitching for Fort Collins Commoners : RHP Hugh Rankin
Batting: RHB Jason Cook 0-0: Swinging Strike
0-1: Ball
1-1: Swinging Strike
1-2: Ball
2-2: Foul Ball, location: 2F
2-2: Ball
3-2: Base on Balls
Batting: LHB Joe Vásquez 0-0: Ball
Jason Cook steals 2nd base
1-0: Called Strike
1-1: SINGLE (Line Drive, 4MD)
Jason Cook to third
Runner from 3rd tries for Home, SAFE, no throw
Batting: LHB Barry Pierce 0-0: Foul Ball, location: 2F
0-1: Fly out, F7 (Flyball, 7S)
Batting: LHB Greg Sharpe 0-0: Called Strike
0-1: Fly out, F8 (Flyball, 8RXD)
Batting: RHB John Gauthier 0-0: Fielders Choice at 2nd, 6-4 (Groundball, 6)
Top of the 6th over - 1 run(s), 1 hit(s), 0 error(s), 0 left on base; Plymouth 6 - Fort Collins 3
BOTTOM OF THE 6TH
Fort Collins Commoners batting - Pitching for Plymouth Cocks : RHP Héctor Cardenas
Batting: RHB Eric Black 0-0: Ball
1-0: Ground out 5-3 (Groundball, 56)
Batting: RHB Tomás Rivera 0-0: Fly out, F9 (Flyball, 9S)
Batting: LHB Lorenzo Vargas 0-0: Ball
1-0: Foul Ball, location: 2F
1-1: Ground out 4-3 (Groundball, 34)
Bottom of the 6th over - 0 run(s), 0 hit(s), 0 error(s), 0 left on base; Plymouth 6 - Fort Collins 3
TOP OF THE 7TH
Plymouth Cocks batting - Pitching for Fort Collins Commoners : RHP Hugh Rankin
Batting: RHB Chase Wilkerson 0-0: Ball
1-0: Called Strike
1-1: Ball
2-1: Swinging Strike
2-2: Strikes out swinging
Batting: LHB Lúcio Gómez 0-0: Called Strike
0-1: Ball
1-1: Ball
2-1: Foul Ball, location: 2F
2-2: Ball
3-2: Strikes out looking
Batting: RHB Sam Elder 0-0: Ball
1-0: Ball
2-0: Ball
3-0: Called Strike
3-1: Called Strike
3-2: SINGLE (Line Drive, 8LS)
Batting: LHB T.J. Richardson 0-0: Called Strike
0-1: Fly out, F4 (Line Drive, 4M)
Top of the 7th over - 0 run(s), 1 hit(s), 0 error(s), 1 left on base; Plymouth 6 - Fort Collins 3
BOTTOM OF THE 7TH
Fort Collins Commoners batting - Pitching for Plymouth Cocks : RHP Héctor Cardenas
Batting: RHB Francisco Fernández 0-0: SINGLE (Groundball, 56S) (infield hit)
Batting: LHB Earl Wigfall 0-0: Called Strike
0-1: Foul Ball, location: 2F
0-2: Ball
1-2: Ball
2-2: 2-RUN HOME RUN (Flyball, 9LD), Distance : 359 ft
Batting: RHB Monty Crawford 0-0: Ball
1-0: Ball
2-0: Called Strike
2-1: Ball
3-1: Single, Error in OF, E9, batter to second base
Batting: LHB António Chávez 0-0: Swinging Strike
0-1: Foul Ball, location: 2F
0-2: Ball
1-2: Strikes out swinging
Pinch Hitting: RHB Juan Castillo 0-0: Called Strike
0-1: Ball
1-1: Ball
2-1: SINGLE (Line Drive, 56)
Monty Crawford to third
Pinch Hitting: RHB Julián Ramírez 0-0: Ball
1-0: Ball
Juan Castillo steals 2nd base
2-0: Foul Ball, location: 2F
2-1: Ground out 1-3 (Groundball, 13)
Batting: RHB Eric Black 0-0: Called Strike
0-1: Ball
1-1: Fly out, F9 (Flyball, 9)
Bottom of the 7th over - 2 run(s), 4 hit(s), 1 error(s), 2 left on base; Plymouth 6 - Fort Collins 5
TOP OF THE 8TH
Plymouth Cocks batting - Pitching for Fort Collins Commoners : RHP Hugh Rankin
Pitching: RHP Oscar Murray
Now at 1B: Julián Ramírez
Now in RF: Juan Castillo
Batting: RHB Jason Cook 0-0: Ball
1-0: Ball
2-0: Called Strike
2-1: Swinging Strike
2-2: Strikes out swinging, 2-3 out at first.
Batting: LHB Joe Vásquez 0-0: Ball
1-0: Swinging Strike
1-1: Ground out 5-3 (Groundball, 56S)
Batting: LHB Barry Pierce 0-0: Foul Ball, location: 2F
0-1: Ground out 4-3 (Groundball, 4)
Top of the 8th over - 0 run(s), 0 hit(s), 0 error(s), 0 left on base; Plymouth 6 - Fort Collins 5
BOTTOM OF THE 8TH
Fort Collins Commoners batting - Pitching for Plymouth Cocks : RHP Héctor Cardenas
Pitching: RHP Jorge Martínez
Now at 2B: Lorenzo Silva
Now in LF: Cisco Villanueva
Batting: RHB Tomás Rivera 0-0: Called Strike
0-1: Ball
1-1: Ball
2-1: Ground out 5-3 (Groundball, 56)
Batting: LHB Lorenzo Vargas 0-0: Called Strike
0-1: Ball
1-1: Ball
2-1: Called Strike
2-2: Foul Ball, location: 2F
2-2: Ball
3-2: Strikes out swinging, 2-3 out at first.
Batting: RHB Francisco Fernández 0-0: Called Strike
0-1: Ground out 5-3 (Groundball, 56)
Bottom of the 8th over - 0 run(s), 0 hit(s), 0 error(s), 0 left on base; Plymouth 6 - Fort Collins 5
TOP OF THE 9TH
Plymouth Cocks batting - Pitching for Fort Collins Commoners : RHP Oscar Murray
Batting: LHB Greg Sharpe 0-0: Ball
1-0: Ball
2-0: Fly out, F9 (Flyball, 9)
Batting: RHB John Gauthier 0-0: Called Strike
0-1: Foul Ball, location: 2F
0-2: Ball
1-2: Foul Ball, location: 2F
1-2: Foul Ball, location: 2F
1-2: Ball
2-2: Foul Ball, location: 2F
2-2: Strikes out swinging
Batting: RHB Chase Wilkerson 0-0: Called Strike
0-1: Called Strike
0-2: Foul Ball, location: 2F
0-2: Fly out, F5 (Popup, 56)
Top of the 9th over - 0 run(s), 0 hit(s), 0 error(s), 0 left on base; Plymouth 6 - Fort Collins 5
BOTTOM OF THE 9TH
Fort Collins Commoners batting - Pitching for Plymouth Cocks : RHP Jorge Martínez
Pitching: LHP Mathew Bentley
Now at 3B: River Cunningham
Batting: LHB Earl Wigfall 0-0: Called Strike
0-1: Ball
1-1: SINGLE (Groundball, 4MD)
Batting: RHB Monty Crawford 0-0: Called Strike
0-1: Called Strike
0-2: Ball
1-2: Ball
2-2: Ball
3-2: Fielders Choice at 2nd, 5-4 (Groundball, 5)
Batting: LHB António Chávez 0-0: Ball
1-0: Ball
2-0: DOUBLE (Line Drive, 9LD)
Monty Crawford to third
Batting: RHB Juan Castillo 0-0: Ball
1-0: Ball
2-0: Ball
3-0: Called Strike
3-1: Base on Balls
Batting: RHB Julián Ramírez 0-0: Ball
1-0: Ball
2-0: Ball
3-0: Base on Balls
Monty Crawford scores
António Chávez to third
Juan Castillo to second
Batting: RHB Eric Black 0-0: Ball
1-0: Ball
2-0: Foul Ball, location: 2F
2-1: SINGLE (Line Drive, 78M)
António Chávez scores
Thursday, March 30th, 2017 - OOTP Baseball 17.12 Build 75